cohdb
Replays
Latest Replays
All Replays
Popular Replays
Top Player Replays
Match Explorer
How It Works
Community
CoH3 Stats
Reddit
Sign in to upload your games and track your stats! →
Sign in with Steam
Match 43380071
Unlisted
Match 43380071
Overview
Messages
Build Orders
End
Royal Engineer Section
Construct Section Command Post
Selects Canadian Shock Battlegroup
Dingo Light Scout Car
Infantry Section
Selects Attacking Spirit
Selects Canadian Shock Section
Canadian Shock Section
Construct Platoon Command Post
Humber Armored Car
Canadian Shock Section
Selects Incendiary Munitions
Construct Company Command Post
Selects Pyrotechnics
Crusader II Medium Tank
Foot Guards Section
Crusader II Medium Tank
Crusader II Medium Tank
Crusader II Medium Tank
Armored Vehicle Training
Selects Demolition Engineering
Demolition Engineering
Matilda II Heavy Tank
Canadian Shock Section
Selects Smoke Operation
rich_2k3
^3
0
0
Comments
sign in to comment!
No comments posted yet!